 Dungeon Crawl Stone Soup version 0.26-a0-1126-g3318b609a0 (webtiles) character file.

Game seed: 12378722849747837799

9 Flubbersnuff the Grasshopper (level 2, -3/14 HPs)
             Began as a Spriggan Warper on Dec 17, 2020.
             Killed from afar by Sigmund (8 damage)
             ... with a puff of flame
             ... on level 2 of the Dungeon.
             The game lasted 00:03:30 (1114 turns).

Flubbersnuff the Grasshopper (Spriggan Warper)      Turns: 1114, Time: 00:03:30

Health: -3/14      AC:  2    Str:  7    XL:     2   Next: 3%
Magic:  6/6        EV: 19    Int: 14    God:
Gold:   66         SH:  0    Dex: 15    Spells: 6/6 levels left

rFire    . . .     SeeInvis +   h - +1 dagger (venom)
rCold    . . .     Faith    .   (shield restricted)
rNeg     . . .     Spirit   .   b - +0 robe
rPois    .         Reflect  .   (helmet restricted)
rElec    .         Harm     .   (no cloak)
rCorr    .         Rampage  .   (gloves unavailable)
Will     .....                  (boots unavailable)
Stlth    ++........             (no amulet)
HPRegen  0.04/turn              (no ring)
MPRegen  0.10/turn              (no ring)

@: very quick
A: very small, unfitting armour, see invisible, speed 3
a: no special abilities


You were on level 2 of the Dungeon.
You visited 1 branch of the dungeon, and saw 2 of its levels.

You collected 66 gold pieces.

Inventory:

Hand Weapons
 h - a +1 dagger of venom (weapon)
Missiles
 a - 2 boomerangs
 e - 5 boomerangs of dispersal (quivered)
Armour
 b - a +0 robe (worn)
Jewellery
 c - an uncursed amulet of guardian spirit {unknown}
 m - an uncursed amulet of faith {unknown}
Scrolls
 d - a scroll of blinking
 f - 3 scrolls of teleportation {unknown}
 g - 3 scrolls of remove curse {unknown}
 i - a scroll of fear {unknown}
 k - a scroll of amnesia {unknown}
Potions
 j - a potion of mutation {unknown}
 l - a potion of might {unknown}


   Skills:
 - Level 1.5 Fighting
 + Level 2.4 Short Blades
 - Level 1.0 Throwing
 + Level 3.6 Dodging
 * Level 1.2 Stealth
 + Level 2.8 Spellcasting
 + Level 4.6 Translocations


You had 6 spell levels left.
You didn't know any spells.
Your spell library contained the following spells:

 Spells                   Type           Power        Failure   Level
 Blink                    Tloc           N/A          4%          2
 Gell's Gravitas          Tloc           7%           10%         3
 Lesser Beckoning         Tloc           7%           10%         3
 Teleport Other           Tloc           15%          10%         3
 Passage of Golubria      Tloc           N/A          32%         4


Dungeon Overview and Level Annotations

Branches:
Dungeon (2/15)

Altars:

Annotations:
D:2 Sigmund


Innate Abilities, Weirdness & Mutations

You are very small and have problems with some larger weapons.
You are too small for most types of armour.
You have supernaturally acute eyesight. (SInv)
You cover ground extremely quickly.


Message History

Sigmund casts a spell at you. The magic dart hits you.
You hit Sigmund.
Sigmund is poisoned.
Sigmund is heavily wounded.
Sigmund casts a spell at you. The magic dart hits you.
You completely miss Sigmund.
Sigmund is heavily wounded.
Sigmund misses you.
You hit Sigmund but do no damage.
Sigmund looks even sicker.
Sigmund is severely wounded.
You barely miss Sigmund.
Sigmund is severely wounded.
Sigmund closely misses you.
You hit Sigmund.
Sigmund looks as sick as possible!
Sigmund is severely wounded.
Sigmund points at you and mumbles some strange words.
The puff of flame hits you!
Ouch! That really hurt!
You die...

######.#.##
#..@@......
###.##.#.###.
#......#
#.#...[.#
#.####..##
#.####.....
#.<†....###
######..#


You could see Sigmund (extremely poisoned).

Vanquished Creatures
  A dart slug (D:1)
  A giant cockroach (D:1)
  2 hobgoblins (D:1)
  A kobold (D:1)
  2 rats
7 creatures vanquished.

Notes
Turn   | Place    | Note
-------+----------+-------------------------------------------
     0 | D:1      | Flubbersnuff the Spriggan Warper began the quest for the
                  | Orb.
     0 | D:1      | Reached XP level 1. HP: 10/10 MP: 5/5
   458 | D:1      | Reached skill level 1 in Stealth
   674 | D:1      | Reached XP level 2. HP: 14/14 MP: 6/6
   763 | D:1      | You fall into a shaft and drop 1 floor!
  1106 | D:2      | Noticed Sigmund
  1114 | D:2      | Killed from afar by Sigmund

Illustrated notes

Levels and vault maps discovered:
D:1:      minmay_arrival_wavy_path, layout_basic, minmay_pentomino_w2
D:2:      minmay_angry_zag, layout_loops_corners, uniq_sigmund,
          uniq_crazy_yiuf_cottage

Skill      XL: |  1 |
---------------+----+-----
Stealth        | 1 |  1.2
Fighting       | |  1.5
Short Blades   | |  2.4
Throwing       | |  1.0
Dodging        | |  3.6
Spellcasting   | |  2.8
Translocations | |  4.6

Action                   || total
-------------------------++-------
Melee: Short sword       ||    16
       Dagger            ||    11
 Stab: Sleeping          ||     2
Armor: Robe              ||     3
Dodge: Dodged            ||    13

Table legend: (Time is in decaauts)
 A = Elapsed time spent in this place.
 B = Non-inter-level travel time spent in this place.
 C = Inter-level travel time spent in this place.
 D = Time resting spent in this place.
 E = Time spent auto-exploring this place.
 F = Levels seen in this place.
 G = Mean time per level.
                   A        B        C        D        E       F      G
               +--------+--------+--------+--------+--------+-----+--------+
         Total |    726 |    702 |     24 |     83 |    508 |   2 |  363.0 |
       Dungeon |    726 |    702 |     24 |     83 |    508 |   2 |  363.0 |
               +--------+--------+--------+--------+--------+-----+--------+

Top non-repeatable levels by time:
     D:1: 698 daAuts
     D:2: 27 daAuts
